 Dungeon Crawl Stone Soup version 0.30.1 (webtiles) character file.

Game seed: 17315437451716686047

38 cheesebisquit the Grave Robber (level 3, -2/28 HPs)
             Began as a Ghoul Necromancer on July 2, 2023.
             Slain by a worm (3 damage)
             ... on level 2 of the Dungeon.
             The game lasted 00:06:34 (1483 turns).

cheesebisquit the Grave Robber (Ghoul Necromancer)  Turns: 1483, Time: 00:06:35

Health: -2/28      AC:  2    Str: 11    XL:     3   Next: 43%
Magic:  0/5        EV: 12    Int: 12    God:
Gold:   56         SH:  0    Dex:  9    Spells: 2/6 levels left

rFire   + .          .
                       - Unarmed
rCold   + + .        (no shield)
rNeg    + + +        a - +0 robe
rPois   ∞            (no helmet)
rElec   +            (no cloak)
rCorr   +            (no gloves)
SInv    .            (no boots)
Will    .....        (no amulet)
Stlth   ++           (no ring)
HPRegen 0.00/turn    (no ring)
MPRegen 0.09/turn

%: no passive effects
@: resistant, very slightly contaminated, inhibited regen
A: claws 1, cold resistance 1, negative energy resistance 3, inhibited
regeneration, torment resistance 2, devour on kill
a: no special abilities


You were on level 2 of the Dungeon.
You visited 1 branch of the dungeon, and saw 2 of its levels.

You collected 56 gold pieces.

Inventory:

Missiles
 l - 4 poisoned darts
Armour
 a - a +0 robe (worn)
Magical Staves
 d - a staff of cold
Jewellery
 h - an amulet of guardian spirit
Scrolls
 b - a scroll of brand weapon {unknown}
 c - a scroll of torment {unknown}
 e - a scroll of identify {unknown}
 g - a scroll of blinking {unknown}
 i - 2 scrolls of enchant weapon {unknown}
 j - a scroll of magic mapping {unknown}
 k - a scroll of amnesia {unknown}
 n - a scroll of immolation {unknown}
 o - a scroll of teleportation {unknown}
Potions
 f - a potion of resistance


   Skills:
 + Level 1.2 Fighting
 - Level 1.7 Dodging
 - Level 2.1 Stealth
 * Level 1.9 Unarmed Combat
 + Level 2.1 Spellcasting
 + Level 4.2 Necromancy


You had 2 spell levels left.
You knew the following spells:

 Your Spells              Type           Power      Damage    Failure   Level
a - Necrotise             Necr           44%        1d6       4%          1
b - Vampiric Draining     Necr           11%        2d6       14%         3

Your spell library contained the following spells:

 Spells                   Type           Power      Damage    Failure   Level
 Animate Dead             Necr           11%        N/A       43%         4
 Agony                    Necr           11%        N/A       78%         5
 Manifold Assault         Tloc           1%         N/A       95%         4
 Dispersal                Tloc           0%         N/A       100%        6
 Disjunction              Tloc           0%         N/A       100%        8


Dungeon Overview and Level Annotations

Branches:
Dungeon (2/15)

Altars:


Innate Abilities, Weirdness & Mutations

You are immune to poison.
You have sharp fingernails.
Your flesh is cold resistant. (rC+)
You are immune to negative energy. (rN+++)
You do not regenerate when monsters are visible.
You are immune to unholy pain and torment.
You thrive by killing the living.


Message History

The endoplasm quivers.
You draw life force from the endoplasm.
The endoplasm hits you but does no damage.
You scratch the endoplasm.
You kill the endoplasm!
Found a stone staircase leading up.
Found a dagger.
Found an escape hatch in the ceiling.
Found 5 stones.
o - a scroll labelled POITIE SAULE A worm comes into view.
A goblin comes into view. It is wielding a +0 dagger.
Found 4 stones.
The worm writhes in agony.
The goblin shouts!
No target in view!
A goblin is nearby!
The goblin barely resists.
You miscast Necrotise.
You are very lightly contaminated with residual magic.
Nothing appears to happen.
The worm writhes in agony.
The worm writhes in agony.
The goblin hits you with a +0 dagger. The worm bites you!
You scratch the worm.
The worm is severely wounded.
The goblin hits you with a +0 dagger.
You scratch the worm.
The worm is almost dead.
The goblin hits you but does no damage. The worm bites you!
* * * LOW HITPOINT WARNING * * *
It was a potion of resistance.
You feel protected. The goblin hits you with a +0 dagger.
* * * LOW HITPOINT WARNING * * *
It was a potion of lignification.
You feel woody for a moment. The goblin hits you with a +0 dagger.
* * * LOW HITPOINT WARNING * * *
The worm bites you.
You die...

## ##.# .# # #.. ..# .#
.# # #.. #.###.#..#
#.##..##...#.#..#.
#.................
#..(.........<..#
#.......$....#
#(....w).....# .#
.....#@....#####.#
#.....g............
#.....##..#.......##
#.....##....)......#
##.##..............#####
# #####.#.............
#.#........####.
#.#........##...
#.#........##.#.


You could see a worm and a goblin.

Vanquished Creatures
  An adder (D:2)
  4 bats
  4 endoplasms
  A giant cockroach (D:1)
  4 goblins (D:1)
  2 hobgoblins (D:1)
  2 jackals (D:1)
  2 kobolds (D:1)
  2 ball pythons (D:1)
  2 frilled lizards (D:1)
  3 rats (D:1)
27 creatures vanquished.

Vanquished Creatures (collateral kills)
  A rat (D:1)
1 creature vanquished.

Grand Total: 28 creatures vanquished

Notes
Turn   | Place    | Note
-------+----------+-------------------------------------------
     0 | D:1      | cheesebisquit the Ghoul Necromancer began the quest for the
                  | Orb.
     0 | D:1      | Reached XP level 1. HP: 14/14 MP: 2/2
   132 | D:1      | Reached skill level 1 in Unarmed Combat
   132 | D:1      | Reached XP level 2. HP: 7/22 MP: 0/3
   864 | D:1      | Reached skill level 1 in Fighting
   974 | D:1      | Reached XP level 3. HP: 28/28 MP: 1/5
  1128 | D:1      | Learned a level 3 spell: Vampiric Draining
  1483 | D:2      | HP: 1/28 [goblin/+0 dagger (2)]
  1483 | D:2      | Slain by a worm

Illustrated notes

Levels and vault maps discovered:
D:1:      matt_arrival_los_fun, layout_basic
D:2:      layout_loops_ring

Skill      XL: |  1  2 |
---------------+-------+-----
Unarmed Combat | 1 |  1.9
Spellcasting   | 2 |  2.1
Fighting       | 1 |  1.2
Dodging        | |  1.7
Stealth        | |  2.1
Necromancy     | |  4.2

Action                     || total
---------------------------++-------
  Melee: Unarmed           ||    46
   Cast: Necrotise         ||    57
         Vampiric Draining ||     2
    Use: Potion            ||     3
   Stab: Sleeping          ||     2
 Armour: Robe              ||    19
  Dodge: Dodged            ||    46
